 Dungeon Crawl Stone Soup version 0.25-a0-890-g62861fb195 (webtiles) character file.

Game seed: 12781569264802680469, levelgen mode: deterministic

584 Esekla the Conjurer (level 7, 0/52 HPs)
             Began as a Formicid Conjurer on May 2, 2020.
             Was a Believer of Ashenzari.
             Slain by a centaur zombie (4 damage)
             ... on level 6 of the Dungeon.
             The game lasted 00:20:38 (2871 turns).

Esekla the Conjurer (Formicid Conjurer)             Turns: 2871, Time: 00:20:39

Health: 0/52       AC:  4    Str: 13    XL:     7   Next: 64%
Magic:  12/21      EV: 12    Int: 16    God:    Ashenzari [**....]
Gold:   198        SH:  0    Dex: 11    Spells: 10/13 levels left

rFire    . . .     SeeInvis +   f - +0 short sword
rCold    . . .     Gourm    .   (no shield)
rNeg     . . .     Faith    .   r - +0 leather armour
rPois    .         Spirit   .   (helmet unavailable)
rElec    .         Reflect  .   (no cloak)
rCorr    .         Harm     .   z - +0 pair of gloves (curse)
MR       .....                  (no boots)
Stlth    +++.......             (no amulet)
HPRegen  0.17/turn              g - ring of magical power (curse)
MPRegen  0.17/turn              k - ring of stealth (curse)

@: lethally poisoned (0 -> -1)
A: permanent stasis, dig shafts and tunnels, four strong arms, antennae 3
a: Dig, Shaft Self, Curse Item, Scrying, Renounce Religion


You were on level 6 of the Dungeon.
You worshipped Ashenzari.
Ashenzari was pleased with you.
You were not hungry.

You visited 1 branch of the dungeon, and saw 6 of its levels.

You collected 198 gold pieces.

Inventory:

Hand Weapons
 f - a +0 short sword (weapon)
Missiles
 p - 2 javelins (quivered)
 v - 5 boomerangs of dispersal
Armour
 r - a +0 leather armour (worn)
 z - a cursed +0 pair of gloves (worn)
Jewellery
 g - a cursed ring of magical power (left hand)
 k - a cursed ring of stealth (right hand)
 m - an uncursed ring of poison resistance
 x - a +6 ring of dexterity
Scrolls
 a - a scroll of identify
 b - 3 scrolls of remove curse
 h - a scroll of teleportation {unknown}
 i - a scroll of enchant weapon {unknown}
 j - a scroll of amnesia {unknown}
 q - 2 scrolls of enchant armour
 s - a scroll of immolation {unknown}
 y - a scroll of fog {unknown}
Potions
 d - a potion of might
 e - a potion of degeneration {unknown}
 n - a potion of brilliance {unknown}
 t - a potion of heal wounds
 u - a potion of stabbing
Comestibles
 c - 3 rations


   Skills:
 * Level 3.3 Fighting
 + Level 2.2 Short Blades
 * Level 2.7 Armour
 + Level 2.3 Dodging
 - Level 2.4 Stealth
 * Level 3.9 Spellcasting
 + Level 5.3(6.8) Conjurations


You had 10 spell levels left.
You knew the following spells:

 Your Spells              Type           Power        Failure   Level  Hunger
a - Magic Dart            Conj           ####         1%          1    None
e - Searing Ray           Conj           ####..       1%          2    ##.....

Your spell library contained the following spells:

 Spells                   Type           Power        Failure   Level  Hunger
 Dazzling Flash           Conj/Hex       ##....       16%         3    ###....
 Fulminant Prism          Conj/Hex       ##........   45%         4    ####...
 Iskenderun's Mystic Bla  Conj/Tloc      ##......     45%         4    ####...


Dungeon Overview and Level Annotations

Branches:
Dungeon (6/15)
 Temple: D:4-7

Altars:
Ashenzari
Kikubaaqudgha

Annotations:
D:4 1 runed translucent door, Robin


Innate Abilities, Weirdness & Mutations

You cannot be hasted, slowed, berserked, paralysed or teleported.
You can dig through walls and to a lower floor.
Your four strong arms can wield two-handed weapons with a shield.
You have a pair of large antennae on your head. (SInv)


Message History

* * * LOW HITPOINT WARNING * * *
Casting: Searing Ray (safe; 2% risk of failure)
Confirm with . or Enter, or press ? or * to list all spells.
Aiming: Searing Ray (safe; 2% risk of failure)
Press: ? - help, Shift-Dir - straight line, f/p - wyvern
Aim: a wyvern (almost dead)
The searing ray hits the wyvern.
You kill the wyvern!
Your Short Blades skill increases to level 2! (Press . to maintain the ray.)
A centaur zombie comes into view.
The searing ray hits the centaur zombie!
The centaur zombie is moderately damaged.
The searing ray hits the centaur zombie!
The centaur zombie is heavily damaged.
The searing ray hits the centaur zombie!
The centaur zombie is severely damaged.
You finish channeling your searing ray.
You feel sick. The centaur zombie closely misses you.
The centaur zombie hits you.
You die...

.............# #.###{##
##.#..#..#######.....{. ,
......................l,
...#..#..#######.....,
...#................. *
...#......#...##.######.#
..........'...'.......l..
...#......#...##Z#...##.#
* ,
..........#...##@+...+ ,
...#.#....########...# **
,, ##+#......'......#...#
+ ,
.....#...†######.#...#
.....#....# #.#.... , *
....##....######.#.....,
, .................#, ,,,
.[......##...#####, ,, ,
........##...# * , ,


You could see a centaur zombie.

Vanquished Creatures
  A wyvern (D:6)
  A scorpion (D:3)
  A killer bee (D:6)
  An orc priest (D:2)
  6 orc wizards
  A worker ant (D:6)
  6 adders
  3 oozes
  An adder skeleton (D:6)
  2 worms (D:2)
  A dart slug (D:2)
  2 leopard geckos
  5 orcs
  3 bats (D:2)
  4 giant cockroaches
  6 goblins
  6 hobgoblins
  A ball python (D:3)
  5 frilled lizards
  A giant cockroach zombie (D:6)
  7 rats
64 creatures vanquished.

Notes
Turn   | Place    | Note
-------+----------+-------------------------------------------
     0 | D:1      | Esekla the Formicid Conjurer began the quest for the Orb.
     0 | D:1      | Reached XP level 1. HP: 13/13 MP: 3/3
   203 | D:1      | You fall into a shaft and drop 1 floor!
   430 | D:1      | Reached skill level 1 in Fighting
   430 | D:1      | Reached XP level 2. HP: 21/21 MP: 1/5
   684 | D:1      | Learned a level 2 spell: Searing Ray
   787 | D:1      | Found a shattered altar of Ashenzari.
   797 | D:1      | Became a worshipper of Ashenzari the Shackled
  1195 | D:2      | Reached skill level 4 in Conjurations
  1195 | D:2      | Reached XP level 3. HP: 26/26 MP: 6/6
  1385 | D:2      | Reached XP level 4. HP: 33/33 MP: 7/7
  1418 | D:2      | Reached skill level 1 in Armour
  1427 | D:2      | Reached XP level 5. HP: 23/38 MP: 7/9
  2180 | D:3      | Reached skill level 1 in Short Blades
  2180 | D:3      | Reached skill level 5 in Conjurations
  2180 | D:3      | Reached XP level 6. HP: 29/46 MP: 10/10
  2222 | D:3      | Reached * piety under Ashenzari
  2289 | D:3      | Found an ancient bone altar of Kikubaaqudgha.
  2466 | D:4      | Found a runed translucent door.
  2475 | D:4      | Reached ** piety under Ashenzari
  2516 | D:4      | Noticed Robin
  2524 | D:4      | You fall into a shaft and drop 2 floors!
  2700 | D:6      | Reached XP level 7. HP: 49/51 MP: 12/12
  2777 | D:5      | Entered Level 5 of the Dungeon
  2854 | D:6      | Noticed a wyvern
  2868 | D:6      | Killed a wyvern
  2871 | D:6      | Slain by a centaur zombie

Levels and vault maps discovered:
D:1:      lemuel_arrival_funnel, layout_basic, ashenzari_altar_1
D:2:      layout_basic
D:3:      layout_basic, old_standard_altar
D:4:      layout_rooms, first_ration, ebering_ghost_reflecting_pool,
          uniq_duvessa, uniq_robin, uniq_crazy_yiuf_cottage
D:5:      layout_basic, minmay_temple_entry_statues
D:6:      lemuel_slime, layout_basic, serial_shops, nicolae_shop_behind_doors,
          minmay_manual_monstrance, uniq_eustachio

Skill      XL: |  1  2  3  4  5  6  7 |
---------------+----------------------+-----
Fighting       | 1 2 3 |  3.3
Conjurations   | 4 5 |  5.3
Armour         | 1 2 |  2.7
Dodging        | 2 |  2.3
Short Blades   | 1 2 |  2.2
Spellcasting   | 3 |  3.9
Stealth        | |  2.4

Action                   |  1- 3 |  4- 6 |  7- 9 || total
-------------------------+-------+-------+-------++-------
Melee: Short sword       |     7 |    57 |     2 ||    66
 Cast: Magic Dart        |    24 |    10 |     2 ||    36
       Searing Ray       |     4 |    19 |     5 ||    28
Invok: Curse Item        |     2 |       |       ||     2
 Abil: Shaft Self        |     1 |     1 |       ||     2
  Use: Scroll            |       |     5 |       ||     5
 Stab: Sleeping          |     1 |     3 |       ||     4
  Eat: Chunk             |     2 |     4 |       ||     6
       Ration            |       |       |     1 ||     1
Armor: Robe              |     2 |     3 |       ||     5
       Leather armour    |       |    12 |       ||    12
Dodge: Dodged            |     5 |    39 |     7 ||    51

Table legend:
 A = Non-vault XP
 B = Vault XP
 C = Vault XP percentage of total XP
 D = Non-vault monster count
 E = Vault monster count
 F = Vault count percentage of total count
                 A         B        C        D         E       F
            +---------+---------+-------+---------+---------+-------
      Total |     563 |     272 |  32.6 |      60 |       4 |   6.2
            +---------+---------+-------+---------+---------+-------
        D:1 |      14 |       0 |   0.0 |       9 |       0 |   0.0
        D:2 |     234 |       0 |   0.0 |      32 |       0 |   0.0
        D:3 |      89 |       0 |   0.0 |       6 |       0 |   0.0
        D:4 |     174 |       4 |   2.2 |       9 |       2 |  18.2
        D:5 |      13 |       0 |   0.0 |       1 |       0 |   0.0
        D:6 |      39 |     268 |  87.3 |       3 |       2 |  40.0
            +---------+---------+-------+---------+---------+-------
